 Dungeon Crawl Stone Soup version 0.20-a0 (webtiles) character file.

2762 JeffiDaFish the Spear-Bearer (level 9, -3/75 HPs)
             Began as a Hill Orc Fighter on Oct 28, 2016.
             Was a Follower of Beogh.
             Slain by Erica
             ... wielding a +1 scimitar of flaming
              (8 damage)
             ... on level 8 of the Dungeon.
             The game lasted 00:15:25 (6932 turns).

JeffiDaFish the Spear-Bearer (Hill Orc Fighter)     Turns: 6932, Time: 00:15:26

Health: -3/75      AC:  7    Str: 27    XL:     9   Next: 69%
Magic:  9/9        EV: 12    Int:  8    God:    Beogh [*.....]
Gold:   419        SH: 15    Dex: 10    Spells: 0 memorised, 8 levels left

rFire  . . .     SeeInvis .     i - +4 spear
rCold  . . .     Gourm    +     b - +0 scale mail
rNeg   . . .     Faith    .     c - +4 shield
rPois  .         Spirit   .     (no helmet)
rElec  .         Reflect  .     (no cloak)
rCorr  .         Harm     .     (no gloves)
MR     +....                    (no boots)
Stlth  ..........               p - amulet of the gourmand
                                y - ring of protection from magic
                                k - +3 ring of evasion

@: mighty, lethally poisoned (-3 -> -20)
A: no striking features
a: Renounce Religion


You were on level 8 of the Dungeon.
You worshipped Beogh.
Beogh was aware of your devotion.
You were completely stuffed.

You visited 1 branch of the dungeon, and saw 8 of its levels.

You collected 419 gold pieces.

Inventory:

Hand Weapons
 a - a +0 war axe
 i - a +4 spear (weapon)
Armour
 b - a +0 scale mail (worn)
 c - a +4 shield (worn)
Jewellery
 k - a +3 ring of evasion (left hand)
 p - an amulet of the gourmand (around neck)
 y - a ring of protection from magic (right hand)
Scrolls
 e - 5 scrolls of remove curse
 l - 2 scrolls of fog
 o - 4 scrolls of identify
 s - 2 scrolls of teleportation
 v - 2 scrolls of fear
 A - a scroll of amnesia
Potions
 n - a potion of flight
 t - a potion of berserk rage
 x - 2 potions of curing
 D - a potion of haste
Comestibles
 f - 7 bread rations
 h - 4 meat rations
 j - 2 beef jerkies
 m - a royal jelly
 B - 3 fruits


   Skills:
 * Level 6.0 Fighting
 - Level 3.6(8.2) Axes
 + Level 9.7(9.9) Polearms
 + Level 6.7 Armour
 + Level 1.7 Dodging
 + Level 0.8 Stealth
 + Level 7.0 Shields


You had 8 spell levels left.
You didn't know any spells.

Dungeon Overview and Level Annotations

Branches:
Dungeon (8/15)             Temple (0/1) D:5
   Lair: D:8-11

Altars:
Cheibriados
Elyvilon
Fedhas
Ru
Trog
Xom
Zin

Shops:
D:4 }   D:5 *

Annotations:
D:8 Erica


Message History

You feel sick.
You puncture Erica!
Erica is moderately wounded.
You block Erica's attack.
You feel very mighty all of a sudden.
You feel sick.
Erica points at you and mumbles some strange words.
The bolt of poison hits you!
You are lethally poisoned!
* * * LOW HITPOINT WARNING * * *
You hit Erica.
Erica is heavily wounded.
* * * LOW HITPOINT WARNING * * *
You feel sick.
You impale Erica!!
Erica is severely wounded.
* * * LOW HITPOINT WARNING * * *
You feel sick.
Erica hits you with a scimitar of flaming!
You die...

#..#.#####.#
###.# .....#
#p# ...### #.#
##.# #.# #.#
###.# #.# #...#
#.# #.### #.#
#.####)#####.#
#.#
#.......@@....#
#..
...####.#######
#.# #.# #.# #.#
#.# #.# #.


You could see Erica.

Vanquished Creatures
  Pikel (D:8)
  Joseph (D:7)
  Prince Ribbit (D:6)
  Menkaure (D:6)
  Duvessa (D:6)
  2 ice beasts (D:6)
  A slave (D:8)
  A phantom (D:4)
  5 ogres
  2 centaurs (D:6)
  Dowan (D:6)
  4 howler monkeys
  A crimson imp (D:7)
  An orc wizard (D:5)
  3 hounds
  An orc priest (D:7)
  2 bullfrog skeletons
  2 worker ants
  A hound skeleton (D:4)
  A howler monkey zombie (D:7)
  A worker ant zombie (D:5)
  4 gnolls (D:5)
  6 adders
  2 shadow imps
  3 oozes
  An adder skeleton (D:5)
  An adder zombie (D:6)
  A worm (D:3)
  2 dart slugs
  6 leopard geckos
  19 orcs
  10 bats
  8 giant cockroaches
  12 goblins
  10 hobgoblins
  10 kobolds
  A quokka (D:3)
  2 ball pythons
  8 frilled lizards
  A giant cockroach zombie (D:6)
  A jackal skeleton (D:4)
  A jackal zombie (D:7)
  A leopard gecko skeleton (D:4)
  A quokka zombie (D:4)
  7 rats (D:1)
152 creatures vanquished.

Vanquished Creatures (others)
  A slave (D:8)
  A scorpion (D:8)
  A quokka (D:8)
3 creatures vanquished.

Grand Total: 155 creatures vanquished

Notes
Turn   | Place    | Note
-------+----------+-------------------------------------------
     0 | D:1      | JeffiDaFish the Hill Orc Fighter began the quest for the Orb.
     0 | D:1      | Reached XP level 1. HP: 19/19 MP: 1/1
   162 | D:1      | Reached XP level 2. HP: 26/27 MP: 2/2
   531 | D:1      | Reached XP level 3. HP: 33/33 MP: 3/3
   800 | D:2      | Found a glowing silver altar of Zin.
  1061 | D:2      | Found a shimmering altar of Xom.
  1061 | D:2      | Found a shimmering altar of Xom.
  1062 | D:2      | Found a shimmering altar of Xom.
  1063 | D:2      | Found a shimmering altar of Xom.
  1343 | D:2      | Reached XP level 4. HP: 33/40 MP: 4/4
  1524 | D:3      | Found a blossoming altar of Fedhas.
  1819 | D:3      | Reached skill level 1 in Polearms
  2038 | D:3      | Reached XP level 5. HP: 46/46 MP: 5/5
  2081 | D:3      | Reached skill level 2 in Polearms
  2402 | D:4      | Found a white marble altar of Elyvilon.
  2605 | D:4      | Noticed an ogre
  2612 | D:4      | Killed an ogre
  2612 | D:4      | Reached skill level 3 in Polearms
  2612 | D:4      | Reached XP level 6. HP: 5/52 MP: 6/6
  2945 | D:4      | Noticed a phantom
  2968 | D:4      | Killed a phantom
  2968 | D:4      | Reached skill level 4 in Polearms
  3147 | D:4      | Found Qais's Gadget Shop.
  3247 | D:4      | Became a worshipper of Beogh the Brigand
  3391 | D:4      | Reached XP level 7. HP: 58/58 MP: 7/7
  3505 | D:5      | Entered Level 5 of the Dungeon
  3536 | D:5      | Reached skill level 5 in Polearms
  3536 | D:5      | Reached skill level 1 in Dodging
  3687 | D:5      | Found Sofie's General Store.
  3702 | D:5      | Found a snail-covered altar of Cheibriados.
  3989 | D:5      | Reached skill level 5 in Shields
  4069 | D:5      | Found a staircase to the Ecumenical Temple.
  4256 | D:5      | Reached skill level 5 in Armour
  4330 | D:6      | Reached * piety under Beogh
  4341 | D:6      | Reached skill level 6 in Polearms
  4356 | D:6      | Noticed Prince Ribbit
  4361 | D:6      | Noticed Menkaure
  4366 | D:6      | Killed Prince Ribbit
  4366 | D:6      | Reached skill level 7 in Polearms
  4366 | D:6      | Reached XP level 8. HP: 50/66 MP: 8/8
  4376 | D:6      | Killed Menkaure
  4642 | D:6      | Noticed Duvessa
  4664 | D:6      | Killed Duvessa
  4665 | D:6      | Noticed Dowan
  4680 | D:6      | Killed Dowan
  4806 | D:6      | Found a sacrificial altar of Ru.
  4840 | D:6      | Reached skill level 8 in Polearms
  4990 | D:6      | Reached skill level 5 in Fighting
  5661 | D:6      | Reached XP level 9. HP: 65/74 MP: 9/9
  5864 | D:7      | Found a bloodstained altar of Trog.
  5953 | D:7      | Noticed Joseph
  5979 | D:7      | Killed Joseph
  5979 | D:7      | Reached skill level 9 in Polearms
  6670 | D:8      | Noticed Pikel
  6695 | D:8      | Killed Pikel
  6918 | D:8      | Noticed Erica
  6932 | D:8      | Slain by Erica

Vault maps used:
D:1:      minmay_arrival_nine_rooms, hangedman_abyss_or_decor_lesser_grid,
          hex_intersection, minmay_quantized
D:2:      cheibrodos_greedy_goblins, nicolae_overflow_crystal_walls,
          xom_redecorated
D:3:      fedhas_altar_2, first_bread, kennysheep_generic_room_2
D:4:      elyvilon_altar_1, serial_shops, nicolae_shop_crystal
D:5:      cheibriados_altar_1, serial_shops,
          nicolae_shop_competitors_out_of_business
D:6:      nicolae_ru_awakened_eye, sigmund_army, uniq_menkaure, uniq_duvessa,
          uniq_prince_ribbit1
D:7:      bloody_trog, serial_glass, glass_columns_c, glass_columns_c,
          minmay_strange_pillars, uniq_joseph
D:8:      lemuel_crystal_altar, nicolae_overflow_hidden_temple,
          hangedman_pestilent_swarm, uniq_erica, uniq_pikel

Skill      XL: |  1  2  3  4  5  6  7  8  9 |
---------------+----------------------------+-----
Axes           | 3 |  3.6
Shields        | 4 5 6 7 |  7.0
Polearms       | 1 3 4 7 8 9 |  9.7
Armour         | 4 5 6 |  6.7
Dodging        | 1 |  1.7
Fighting       | 4 5 6 |  6.0
Stealth        | |  0.8

Action                   |  1- 3 |  4- 6 |  7- 9 || total
-------------------------+-------+-------+-------++-------
Melee: War axe           |   106 |       |       ||   106
       Spear             |    35 |   199 |   369 ||   603
Invok: Convert to Beogh  |       |     1 |       ||     1
  Use: Scroll            |     9 |     1 |     5 ||    15
       Potion            |     5 |     2 |     2 ||     9
  Eat: Chunk             |     2 |    21 |    11 ||    34
Armor: Scale mail        |    65 |    36 |    38 ||   139
Dodge: Dodged            |    52 |    25 |    58 ||   135
Block: Shield            |    82 |    88 |   127 ||   297
